 Dungeon Crawl Stone Soup version 0.29.1-15-g9cfb28693d (webtiles) character file.

Game seed: 14785004481324702450

8 protoss039 the Sneak (level 2, 0/10 (13) HPs)
             Began as a Spriggan Enchanter on Mar 13, 2023.
             Slain by a ball python (1 damage)
             ... on level 1 of the Dungeon.
             The game lasted 00:01:57 (632 turns).

protoss039 the Sneak (Spriggan Enchanter)            Turns: 632, Time: 00:01:57

HP:   0/10 (13)     AC:  2    Str:  4    XL:     2   Next: 0%
MP:   1/6           EV: 17    Int: 16    God:
Gold: 12            SH:  0    Dex: 15    Spells: 4/6 levels left

rFire   . . .      SeeInvis +   a - +1 dagger
rCold   . . .      Faith    .   (no shield)
rNeg    . . .      Spirit   .   b - +0 robe
rPois   .          Reflect  .   (helmet restricted)
rElec   .          Harm     .   (no cloak)
rCorr   .          Rampage  .   (gloves unavailable)
Will    .....                   (boots unavailable)
Stlth   +++.......              (no amulet)
HPRegen 0.03/turn               (no ring)
MPRegen 0.10/turn               (no ring)

@: heavily drained, very quick
A: very small, no large weapons, unfitting armour, see invisible, speed 3
a: no special abilities


You were on level 1 of the Dungeon.
You visited 1 branch of the dungeon, and saw 2 of its levels.

You collected 12 gold pieces.

Inventory:

Hand Weapons
 a - a +1 dagger (weapon)
Armour
 b - a +0 robe (worn)
Scrolls
 e - 2 scrolls of identify {unknown}
 f - 2 scrolls of teleportation {unknown}
Potions
 c - 2 potions of invisibility
 d - a potion of might {unknown}
 g - a potion of flight {unknown}


   Skills:
 * Level 0.0 Fighting
 * Level 1.3 Short Blades
 * Level 2.9 Dodging
 + Level 4.6 Stealth
 + Level 2.9 Spellcasting
 * Level 3.7 Hexes
 * Level 0.0 Ice Magic


You had 4 spell levels left.
You knew the following spells:

 Your Spells              Type           Power      Damage    Failure   Level
a - Ensorcelled Hibernat  Hex/Ice        16%        N/A       13%         2

Your spell library contained the following spells:

 Spells                   Type           Power      Damage    Failure   Level
 Confusing Touch          Hex            14%        N/A       12%         3
 Tukima's Dance           Hex            14%        N/A       12%         3
 Sting                    Tmut/Pois      8%         1d3       19%         1
 Dazzling Flash           Conj/Hex       16%        N/A       26%         3
 Poisonous Vapours        Pois/Air       4%         N/A       28%         2
 Olgreb's Toxic Radiance  Pois           2%         N/A       88%         4


Dungeon Overview and Level Annotations

Branches:
Dungeon (2/15) Zot: 11457

Altars:


Innate Abilities, Weirdness & Mutations

You are very small and have problems with some larger weapons.
You are too small for most types of armour.
You have supernaturally acute eyesight. (SInv)
You cover ground extremely quickly. (Speed+++)


Message History

Unknown command.
Casting: Ensorcelled Hibernation (safe; 13% risk of failure)
Confirm with . or Enter, or press ? or * to list all spells.
Aiming: Ensorcelled Hibernation (safe; 13% risk of failure)
Press: ? - help, Shift-Dir - straight line, f/p - ball python
Aim: a ball python (constricting you, chance to affect: 59%)
The ball python resists with significant effort.
The ball python barely misses you. The ball python constricts you.
The ball python closely misses you. The ball python constricts you.
The kobold hits you with a +0 dagger.
You barely miss the ball python. The quokka closely misses you.
The ball python closely misses you. The ball python constricts you.
The kobold hits you with a +0 dagger. The quokka closely misses you.
Unknown command.
You escape the ball python's grasp.
You see here a +0 club.
A goblin comes into view. It is wielding a +2 dagger of draining.
The goblin shouts!
You barely miss the goblin.
The goblin hits you with a +2 dagger of draining.
* * * LOW HITPOINT WARNING * * *
You feel drained.
You closely miss the goblin. The goblin closely misses you.
You hit the goblin.
The goblin is severely wounded.
The goblin hits you with a +2 dagger of draining.
* * * LOW HITPOINT WARNING * * *
You feel drained.
You completely miss the goblin.
The goblin is severely wounded.
The goblin barely misses you. The ball python completely misses you.
The ball python closely misses you.
You barely miss the goblin.
The goblin is severely wounded.
The ball python bites you but does no damage.
The ball python misses you. The goblin barely misses you.
You closely miss the goblin.
The goblin is severely wounded.
The ball python bites you.
You die...

...... ....$. #########......
#############.:............ ....
..##..KrS@.#.............. ..#
#.##.#####g#.............. #.#
#.##.# .#..............
##.#####..S.# .+..$....)......
#......Sr..#######....?.........
#......K...#.............#.#####
##..........#.#####'#####.#... .
......).....#.#PPP#.#PPP#.# ###
# ###.......[.#.#P⌠P#.#P⌠P#.# #


You could see a quokka, a goblin, a ball python and a kobold.

Vanquished Creatures
  2 goblins (D:1)
  A hobgoblin (D:1)
  A ball python (D:1)
  A bat (D:1)
  2 frilled lizards (D:1)
  2 kobolds (D:1)
9 creatures vanquished.

Notes
Turn   | Place    | Note
-------+----------+-------------------------------------------
     0 | D:1      | protoss039 the Spriggan Enchanter began the quest for the
                  | Orb.
     0 | D:1      | Reached XP level 1. HP: 9/9 MP: 5/5
   320 | D:1      | Found a faded altar of an unknown god.
   332 | D:1      | Reached XP level 2. HP: 2/13 MP: 6/6
   341 | D:2      | Learned a level 2 spell: Ensorcelled Hibernation
   632 | D:1      | Slain by a ball python

Illustrated notes

Levels and vault maps discovered:
D:1:      beargit_arrival_greenhouse, layout_basic,
          hellmonk_ecumenical_altar_leap_of_faith, minmay_fountain_box
D:2:      layout_basic, eino_curves_03, due_unseen_surprise

Action                   || total
-------------------------++-------
Melee: Dagger            ||    46
 Cast: Ensorcelled Hiber ||     3
 Stab: Sleeping          ||     3
Armor: Robe              ||     5
Dodge: Dodged            ||    51
